 Dungeon Crawl Stone Soup version 0.32-a0-433-g08bcfe7efd (webtiles) character file.

Game seed: 568762840971031641

2079 Cast1ntoTheFire the Carver (level 9, -1/69 HPs)
             Began as a Coglin Warper on Feb 22, 2024.
             Was a Follower of Okawaru.
             Slain by a two-headed ogre
             ... wielding a +0 giant spiked club
              (17 damage)
             ... on level 6 of the Dungeon.
             The game lasted 00:06:39 (6425 turns).

Cast1ntoTheFire the Carver (Coglin Warper)          Turns: 6425, Time: 00:06:40

Health: -1/69      AC:  9    Str: 12    XL:     9   Next: 26%
Magic:  11/11      EV: 12    Int: 12    God:    Okawaru [*.....]
Gold:   186        SH:  0    Dex: 18    Spells: 11/11 levels left

rFire   . . .        a - +0 falchion {Kateb}
rCold   . . .        q - +1 short sword (drain) {Huemac}
rNeg    . . .        n - +0 ring mail
rPois   .            D - +2 hat
rElec   .            (no cloak)
rCorr   +            y - +0 pair of gloves
SInv    .            (no boots)
Will    .....        (no amulet)
Stlth   +            r - ring of resist corrosion
HPRegen 0.31/turn    (no ring)
MPRegen 0.12/turn

%: no passive effects
@: immotile, revved
A: off-hand wielding, slow wielding, warmup strikes, legs shutdown
a: Renounce Religion, Heroism


You were on level 6 of the Dungeon.
You worshipped Okawaru.
Okawaru was aware of your devotion.
You visited 2 branches of the dungeon, and saw 7 of its levels.

You collected 348 gold pieces.
You spent 162 gold pieces at shops.

Inventory:

Hand Weapons
 a - a +0 falchion (weapon) {Kateb}
 h - a +0 dagger {Huemac}
 q - a +1 short sword of draining (offhand) {Huemac}
Missiles
 b - 4 poisoned darts
 d - 7 darts of dispersal (quivered)
Armour
 n - a +0 ring mail (worn)
 y - a +0 pair of gloves (worn)
 D - a +2 hat (worn)
Jewellery
 o - a ring of wizardry
 r - a ring of resist corrosion (left grasper)
 s - a ring of magical power
 w - a ring of protection from fire
 x - a ring of positive energy
Wands
 i - a wand of roots (6)
 t - a wand of mindburst (22)
Scrolls
 c - a scroll of brand weapon
 g - 4 scrolls of teleportation {@r3}
 j - 2 scrolls of noise {unknown}
 k - a scroll of poison {unknown}
 l - 4 scrolls of enchant armour {unknown}
 v - 3 scrolls of identify {unknown}
 A - a scroll of blinking {@r4}
 C - a scroll of amnesia {unknown}
 E - a scroll of immolation {unknown}
Potions
 e - 5 potions of curing {unknown}
 f - a potion of might {unknown}
 m - 2 potions of brilliance {unknown}
 p - 4 potions of heal wounds {unknown}
 u - a potion of magic {unknown}
 z - a potion of mutation {unknown}
 B - a potion of enlightenment {unknown}


   Skills:
 + Level 5.8 Fighting
 * Level 8.1 Long Blades
 - Level 0.8 Throwing
 - Level 4.0 Armour
 - Level 4.3 Dodging
 - Level 1.7 Spellcasting
 - Level 3.0 Translocations
 + Level 2.3 Invocations


You had 11 spell levels left.
You didn't know any spells.
Your spell library contained the following spells:

 Spells                   Type           Power      Damage    Failure   Level
 Blink                    Tloc           16%        N/A       26%         2
 Lesser Beckoning         Tloc           16%        N/A       26%         2
 Gell's Gravitas          Tloc           8%         N/A       45%         3
 Teleport Other           Tloc           8%         N/A       45%         3
 Manifold Assault         Tloc           8%         N/A       86%         4
 Vhi's Electric Charge    Tloc/Air       8%         N/A       97%         4
 Alistair's Intoxication  Alch           0%         N/A       100%        5
 Borgnjor's Vile Clutch   Necr/Erth      0%         N/A       100%        5
 Lee's Rapid Deconstruct  Erth           0%         3d4*      100%        5
 Dispersal                Tloc           4%         N/A       100%        6
 Eringya's Noxious Bog    Alch           0%         4d6       100%        6
 Animate Armour           Summ/Erth      Unusable   N/A       N/A         4
 Summon Lightning Spire   Summ/Air       Unusable   N/A       N/A         4

Dungeon Overview and Level Annotations

Branches:
Dungeon (6/15)             Temple (1/1) D:4

Altars:
Ashenzari
Cheibriados
Dithmenos
Elyvilon
Fedhas
Hepliaklqana
Kikubaaqudgha
Makhleb
Nemelex Xobeh
Okawaru
Qazlal
Sif Muna
Trog
Uskayaw
Wu Jian
Xom
Zin
The Shining One

Shops:
D:4 ?

Annotations:
D:5 2 transporters


Innate Abilities, Weirdness & Mutations

You can wield a second weapon in your off-hand.
It takes a long time for you to wield or remove held weapons.
Your first few attacks do less damage.
Attacking and casting redirects power from your legs.


Message History

The grasping roots constrict the two-headed ogre.
You hear a shout! x3; You hear an angry hiss.
You hear a shout!
The two-headed ogre struggles to escape constriction.
Aiming: Mindburst
Press: ? - help, Q - select action, (/) - cycle Shift-Dir - straight line, f/p - two-headed ogre
Aim: a two-headed ogre, wielding a +0 giant spiked club and a +0 giant club (lightly wounded, constricted by roots, chance to affect: 47%)
The two-headed ogre's minds are blasted!
The grasping roots constrict the two-headed ogre.
The roots release their grip on the two-headed ogre.
Aiming: Mindburst
Press: ? - help, Q - select action, (/) - cycle Shift-Dir - straight line, f/p - two-headed ogre
Aim: a two-headed ogre, wielding a +0 giant spiked club and a +0 giant club (moderately wounded, chance to affect: 47%)
The two-headed ogre resists with some effort.
The two-headed ogre closely misses you. x2
You hit the two-headed ogre with your +0 falchion.
The two-headed ogre is moderately wounded.
You puncture the two-headed ogre with your +1 short sword of draining!
The two-headed ogre misses you. x2
You barely miss the two-headed ogre with your +0 falchion.
The two-headed ogre is heavily wounded.
You hit the two-headed ogre with your +1 short sword of draining.
You barely miss the two-headed ogre with your +1 short sword of draining.
The two-headed ogre is severely wounded.
You slash the two-headed ogre with your +0 falchion!
The two-headed ogre hits you with a +0 giant spiked club!!
The two-headed ogre hits you with a +0 giant club!!
* * * LOW HITPOINT WARNING * * *
You are too injured to fight recklessly!
Unknown command.
You closely miss the two-headed ogre with your +0 falchion.
The two-headed ogre is severely wounded.
You hit the two-headed ogre with your +1 short sword of draining.
Unknown command.
You hit the two-headed ogre but do no damage.
You drain the two-headed ogre.
The two-headed ogre is almost dead.
You hit the two-headed ogre but do no damage.
The two-headed ogre closely misses you.
The two-headed ogre hits you with a +0 giant club!
You die...

#####....########
.................
#########........ #
# #..........##
####(# #
#..........# ......
#.(........# #......
#......##### .......
#####'#######.......
#.......@..^.#
#########O......
#...... ...... .....
..... ####


You could see a two-headed ogre (drained).

Vanquished Creatures
  Pikel (D:3)
  Grinder (D:4)
  Prince Ribbit (D:6)
  A black bear (D:4)
  A centaur (D:5)
  2 ogres
  A lemure (D:3)
  A phantom (D:4)
  3 scorpions
  A bombardier beetle (D:4)
  3 hounds
  2 orc priests
  A gnoll bouda (D:4)
  2 sleepcaps (D:5)
  Natasha (thrice) (D:2)
  An iguana (D:5)
  2 orc wizards
  7 gnolls
  11 adders
  2 ufetubi (D:6)
  3 dart slugs
  A ribbon worm (D:4)
  11 orcs
  7 ball pythons
  4 endoplasms
  4 giant cockroaches
  3 goblins
  6 hobgoblins
  5 quokkas
  2 bats
  4 frilled lizards
  2 kobolds
  4 rats
103 creatures vanquished.

Notes
Turn   | Place    | Note
-------+----------+-------------------------------------------
     0 | D:1      | Cast1ntoTheFire the Coglin Warper began the quest for the
                  | Orb.
     0 | D:1      | Reached XP level 1. HP: 16/16 MP: 3/3
   108 | D:1      | Reached skill level 1 in Armour
   160 | D:1      | Reached XP level 2. HP: 22/22 MP: 4/4
   805 | D:2      | Reached XP level 3. HP: 16/28 MP: 5/5
  1374 | D:2      | Reached skill level 3 in Long Blades
  1505 | D:2      | Reached XP level 4. HP: 31/34 MP: 6/6
  1626 | D:2      | Noticed Natasha
  1632 | D:2      | Killed Natasha
  1788 | D:2      | Noticed Natasha
  1795 | D:2      | Killed Natasha
  2425 | D:2      | Noticed Natasha
  2431 | D:2      | Killed Natasha
  2432 | D:2      | Reached XP level 5. HP: 34/40 MP: 7/7
  2950 | D:3      | Reached skill level 4 in Long Blades
  3112 | D:3      | Reached XP level 6. HP: 43/47 MP: 8/8
  3467 | D:4      | Noticed Pikel
  3538 | D:3      | Killed Pikel
  3539 | D:3      | Reached skill level 5 in Long Blades
  3539 | D:3      | Reached XP level 7. HP: 16/54 MP: 9/9
  3840 | D:4      | Reached XP level 8. HP: 28/61 MP: 10/10
  3843 | D:4      | Reached skill level 6 in Long Blades
  3963 | D:4      | Noticed Grinder
  3980 | D:4      | Killed Grinder
  4422 | D:4      | Found a staircase to the Ecumenical Temple.
  4442 | Temple   | Entered the Ecumenical Temple
  4462 | Temple   | Became a worshipper of Warmaster Okawaru
  4537 | D:4      | Found Biemyofi's Magic Scroll Shoppe.
  4552 | D:4      | Bought a scroll of brand weapon for 123 gold pieces
  4552 | D:4      | Bought a scroll of teleportation for 39 gold pieces
  4819 | D:4      | Found a shadowy altar of Dithmenos.
  4957 | D:5      | Entered Level 5 of the Dungeon
  5004 | D:5      | Reached skill level 5 in Fighting
  5004 | D:5      | Reached skill level 7 in Long Blades
  5022 | D:5      | Found a glowing golden altar of the Shining One.
  5022 | D:5      | Found a burning altar of Makhleb.
  5112 | D:5      | Found a transporter.
  5112 | D:5      | Found a transporter.
  5124 | D:5      | Reached skill level 1 in Invocations
  5543 | D:5      | Reached XP level 9. HP: 30/68 MP: 11/11
  6158 | D:6      | Noticed Prince Ribbit
  6161 | D:6      | Reached * piety under Okawaru
  6178 | D:6      | Killed Prince Ribbit
  6179 | D:6      | Reached skill level 8 in Long Blades
  6417 | D:6      | Noticed a two-headed ogre
  6425 | D:6      | Slain by a two-headed ogre

Illustrated notes

Levels and vault maps discovered:
D:1:      nagdon_arrival_double_spiral, layout_basic
D:2:      layout_basic, minmay_misc_feat_doors, minmay_crystal_room,
          nicolae_hexahallways, uniq_natasha
D:3:      layout_basic, minivault_11, dk_noncrumbling_4,
          nicolae_elevator_lobby_asterisk
D:4:      layout_basic, nicolae_dithmenos_through_a_glass_darkly,
          minmay_temple_entry_sparse_star, serial_shops, shop, uniq_grinder,
          uniq_pikel
D:5:      gammafunk_steamed_eel, layout_loops_corners,
          gammafunk_temple_overflow_wave
D:6:      layout_basic, nicolae_ru_path_of_blood, minmay_misc_feat_diagonals,
          chequers_mini_garden, uniq_crazy_yiuf_cottage, uniq_blork_the_orc,
          uniq_prince_ribbit1
Temple:   bh_familiar_temple

Skill      XL: |  1  2  3  4  5  6  7  8  9 |
---------------+----------------------------+-----
Armour         | 1 2 3 4 |  4.0
Dodging        | 2 3 4 |  4.3
Long Blades    | 3 4 5 7 8 |  8.1
Fighting       | 3 4 5 |  5.8
Invocations    | 1 2 |  2.3
Throwing       | |  0.8
Spellcasting   | |  1.7
Translocations | |  3.0

Action                     |  1- 3 |  4- 6 |  7- 9 || total
---------------------------+-------+-------+-------++-------
  Melee: Falchion          |    59 |    79 |   195 ||   333
         Dagger            |    38 |       |       ||    38
         Short sword       |     8 |    75 |   193 ||   276
  Evoke: Wand              |       |     3 |    10 ||    13
    Use: Scroll            |       |     1 |       ||     1
   Stab: Sleeping          |     1 |       |       ||     1
 Armour: Leather armour    |    26 |       |       ||    26
         Ring mail         |     7 |    56 |   116 ||   179
  Dodge: Dodged            |    32 |    74 |   100 ||   206

Table legend: (Time is in decaauts)
 A = Elapsed time spent in this place.
 B = Non-inter-level travel time spent in this place.
 C = Inter-level travel time spent in this place.
 D = Time resting spent in this place.
 E = Time spent auto-exploring this place.
 F = Levels seen in this place.
 G = Mean time per level.
                   A        B        C        D        E       F      G
               +--------+--------+--------+--------+--------+-----+--------+
         Total |   6449 |   6235 |    214 |    670 |   4768 |   7 |  921.3 |
       Dungeon |   6409 |   6232 |    177 |    670 |   4768 |   6 | 1068.2 |
        Temple |     39 |      2 |     37 |      0 |      0 |   1 |   39.0 |
               +--------+--------+--------+--------+--------+-----+--------+

Top non-repeatable levels by time:
     D:2: 2141 daAuts
     D:5: 1150 daAuts
     D:4: 1132 daAuts
     D:3: 1013 daAuts
     D:1: 672 daAuts
     D:6: 299 daAuts
  Temple: 39 daAuts
